 Seeded DCSS version 0.32-a0-171-g4625e66 (webtiles) character file.

Game seed: 7958703556259062592 (custom seed)

4 PurpleRed the Sneak (level 1, 0/15 HPs)
             Began as a Ghoul Enchanter on Feb 12, 2024.
             Slain by a jackal (1 damage)
             ... on level 1 of the Dungeon.
             The game lasted 00:01:17 (83 turns).

PurpleRed the Sneak (Ghoul Enchanter)                 Turns: 83, Time: 00:01:17

Health: 0/15       AC:  2    Str: 11    XL:     1   Next: 60%
Magic:  3/3        EV: 12    Int: 14    God:
Gold:   10         SH:  0    Dex:  9    Spells: 3/3 levels left

rFire   . . .        (no weapon)
rCold   + . .        (no shield)
rNeg    + + +        b - +0 robe
rPois   ∞            (no helmet)
rElec   .            (no cloak)
rCorr   .            (no gloves)
SInv    .            (no boots)
Will    .....        (no amulet)
Stlth   ++           (no ring)
HPRegen 0.00/turn    (no ring)
MPRegen 0.08/turn

%: no passive effects
@: inhibited regen
A: claws 1, cold resistance 1, negative energy resistance 3, inhibited
regeneration, torment resistance 2, devour on kill
a: no special abilities


You were on level 1 of the Dungeon.
You visited 1 branch of the dungeon, and saw 1 of its levels.

You collected 10 gold pieces.

Inventory:

Hand Weapons
 a - a +1 dagger
Armour
 b - a +0 robe (worn)
Potions
 c - 2 potions of invisibility


   Skills:
 + Level 0.4 Fighting
 - Level 0.8 Short Blades
 - Level 1.7 Dodging
 - Level 3.2 Stealth
 * Level 0.9 Unarmed Combat
 - Level 1.7 Spellcasting
 - Level 2.4 Hexes


You had 3 spell levels left.
You didn't know any spells.
Your spell library contained the following spells:

 Spells                   Type           Power      Damage    Failure   Level
 Ensorcelled Hibernation  Hex/Ice        8%         N/A       22%         2
 Confusing Touch          Hex            7%         N/A       26%         3
 Tukima's Dance           Hex            7%         N/A       26%         3
 Dazzling Flash           Conj/Hex       8%         N/A       41%         3


Dungeon Overview and Level Annotations

Branches:
Dungeon (1/15)

Altars:


Innate Abilities, Weirdness & Mutations

You are immune to poison.
You have sharp fingernails.
Your flesh is cold resistant. (rC+)
You are immune to negative energy. (rN+++)
You do not regenerate when monsters are visible.
You are immune to unholy pain and torment.
You thrive by killing the living.


Message History

You barely miss the jackal.
The jackal is almost dead.
The jackal barely misses you.
You scratch the jackal.
You kill the jackal!
You scratch the jackal but do no damage.
The jackal barely misses you. x2
You scratch the jackal.
The jackal is heavily wounded.
The jackal closely misses you.
You closely miss the jackal.
The jackal is heavily wounded.
The jackal bites you. x2
You scratch the jackal.
You kill the jackal!
A kobold comes into view. It is wielding a +0 whip.
You see here a jackal corpse.
You start resting.
A kobold is nearby!
You're too inexperienced to learn that spell!
You see here a jackal corpse.
A rat comes into view.
Found a leather armour.
Found a leather armour.
A jackal comes into view.
Found a mace.
The jackal barks!
A ball python comes into view.
The jackal bites you. x2
You closely miss the jackal. The jackal misses you.
You closely miss the jackal. The jackal bites you.
You completely miss the jackal. The jackal bites you.
* * * LOW HITPOINT WARNING * * *
The jackal bites you but does no damage.
You scratch the jackal but do no damage.
The jackal closely misses you.
You closely miss the jackal. The jackal bites you.
* * * LOW HITPOINT WARNING * * *
The jackal bites you.
You die...

#...#...#..
#...#.#.#.
#...#.... .
#...#.#.#
...[#...#.#.#
..............#
.......####...#
###..#.####h#.#.#
......#..@.....#
.......#.##...#.#
r......#. ....#
.. [......#.
....# ## .....#.#
#.#..#..
....##### .S


You could see a jackal.

Vanquished Creatures
  A hobgoblin (D:1)
  2 jackals (D:1)
3 creatures vanquished.

Notes
Turn   | Place    | Note
-------+----------+-------------------------------------------
     0 | D:1      | PurpleRed the Ghoul Enchanter began the quest for the Orb.
     0 | D:1      | Reached XP level 1. HP: 14/14 MP: 3/3
    83 | D:1      | Slain by a jackal

Illustrated notes

Levels and vault maps discovered:
D:1:      wheals_arrival_shading, layout_basic

Action                     || total
---------------------------++-------
  Melee: Unarmed           ||    19
 Armour: Robe              ||    14
  Dodge: Dodged            ||    11

Table legend: (Time is in decaauts)
 A = Elapsed time spent in this place.
 B = Non-inter-level travel time spent in this place.
 C = Inter-level travel time spent in this place.
 D = Time resting spent in this place.
 E = Time spent auto-exploring this place.
 F = Levels seen in this place.
 G = Mean time per level.
                   A        B        C        D        E       F      G
               +--------+--------+--------+--------+--------+-----+--------+
         Total |     82 |     82 |      0 |      2 |     15 |   1 |   82.0 |
       Dungeon |     82 |     82 |      0 |      2 |     15 |   1 |   82.0 |
               +--------+--------+--------+--------+--------+-----+--------+

Top non-repeatable levels by time:
     D:1: 82 daAuts
